 Dungeon Crawl Stone Soup version 0.29-a0-876-gfc89b1a5bd (webtiles) character file.

Game seed: 3993535845681772267

47502 buhh the Summoner (level 15, -9/124 HPs)
             Began as a Meteoran Earth Elementalist on July 19, 2022.
             Was a High Priest of Vehumet.
             Mangled by a spark wasp (13 damage)
             ... on level 2 of the Spider Nest.
             The game lasted 00:47:11 (9175 turns).

buhh the Summoner (Meteoran Earth Elementalist)     Turns: 9175, Time: 00:47:11

Health: -9/124     AC:  4    Str: 16    XL:     15   Next: 22%
Magic:  14/41      EV: 18    Int: 26    God:    Vehumet [*****.]
Gold:   162        SH:  0    Dex: 15    Spells: 16/38 levels left

rFire   . . .      SeeInvis +   (no weapon)
rCold   + . .      Faith    .   (no shield)
rNeg    . . .      Spirit   .   p - +1 robe of Boredom {rPois Dex-2 SInv}
rPois   +          Reflect  .   L - +1 hat {Stlth+}
rElec   .          Harm     .   K - scarf {repulsion}
rCorr   .          Rampage  .   (no gloves)
Will    +....                   (no boots)
Stlth   +.........              m - amulet of magic regeneration
HPRegen 0.30/turn               x - ring of protection from cold
MPRegen 0.67/turn               a - ring "Vennypp" {MP+9 Str+6 Int+3}

@: glowing, repel missiles
A: sense surroundings 2, otherworldly, glowing, explore regen
a: Renounce Religion


You were on level 2 of the Spider Nest.
You worshipped Vehumet.
Vehumet was extremely pleased with you.
You visited 4 branches of the dungeon, and saw 21 of its levels.
You also visited: Sewer, Bailey and Gauntlet.

You collected 1194 gold pieces.
You spent 1032 gold pieces at shops.

Inventory:

Missiles
 B - 6 poisoned darts
 F - a throwing net
Armour
 p - the +1 robe of Boredom (worn) {rPois Dex-2 SInv}
   (You bought it in a shop on level 6 of the Dungeon)

   Dex:       It affects your dexterity (-2).
   rPois:     It protects you from poison.
   SInv:      It lets you see invisible.
 K - a scarf of repulsion (worn)
 L - a +1 hat of stealth (worn)
Magical Staves
 z - a staff of cold
 I - a staff of cold
Jewellery
 a - the ring "Vennypp" (right hand) {MP+9 Str+6 Int+3}
   (You bought it in a shop on level 2 of the Orcish Mines)

   [ring of magical power]

   Str:       It affects your strength (+6).
   Int:       It affects your intelligence (+3).
   MP:        It affects your magic capacity (+9).
 m - an amulet of magic regeneration (around neck)
 x - a ring of protection from cold (left hand)
 G - a ring of positive energy
Wands
 A - a wand of digging (6)
 C - a wand of iceblast (3)
 E - a wand of flame (6)
Scrolls
 b - a scroll of summoning {unknown}
 c - 3 scrolls of teleportation {!d!d}
 d - 2 scrolls of magic mapping {!d}
 e - a scroll of poison
 f - 2 scrolls of fog
 g - 5 scrolls of amnesia
 h - a scroll of enchant armour
 j - 2 scrolls of enchant weapon
 l - 2 scrolls of immolation {!r}
 v - 2 scrolls of brand weapon
 J - a scroll of silence {!r}
Potions
 i - 6 potions of curing {unknown}
 n - 3 potions of lignification {unknown}
 o - 3 potions of degeneration {unknown}
 q - 7 potions of mutation {unknown}
 r - 2 potions of invisibility {unknown}
 s - 3 potions of resistance {unknown}
 t - 2 potions of cancellation {unknown}
 u - 2 potions of ambrosia {!d}
 y - 2 potions of haste {!q}
 D - 2 potions of berserk rage {unknown}
 H - a potion of flight {unknown}
 M - a potion of brilliance {unknown}


   Skills:
 - Level 9.1 Fighting
 - Level 11.7 Dodging
 - Level 1.7 Stealth
 - Level 12.0 Spellcasting
 * Level 13.2 Conjurations
 - Level 14.0 Summonings
 - Level 2.0 Transmutations
 - Level 12.2 Earth Magic
 * Level 3.6 Poison Magic


You had 16 spell levels left.
You knew the following spells:

 Your Spells              Type           Power      Damage    Failure   Level
a - Olgreb's Toxic Radia  Pois           34%        N/A       2%          4
b - Passwall              Tmut/Erth      42%        N/A       1%          2
d - Inner Flame           Hex/Fire       15%        N/A       3%          3
e - Spellforged Servitor  Conj/Summ      36%        N/A       3%          7
f - Iron Shot             Conj/Erth      34%        9d7       1%          6

Your spell library contained the following spells:

 Spells                   Type           Power      Damage    Failure   Level
 Sandblast                Erth           100%       2d20      1%          1
 Sting                    Tmut/Pois      100%       1d8       1%          1
 Poisonous Vapours        Pois/Air       50%        N/A       1%          2
 Scorch                   Fire           30%        2d6       1%          2
 Stone Arrow              Conj/Erth      100%       3d13      1%          3
 Flame Wave               Conj/Fire      50%        2d10      1%          4
 Petrify                  Tmut/Erth      51%        N/A       1%          4
 Summon Cactus Giant      Summ           36%        N/A       1%          6
 Gell's Gravitas          Tloc           15%        N/A       11%         3
 Teleport Other           Tloc           15%        N/A       11%         3
 Animate Dead             Necr           15%        N/A       36%         4
 Haunt                    Necr/Summ      25%        N/A       87%         7
 Dispersal                Tloc           7%         N/A       99%         6
 Infestation              Necr           7%         N/A       100%        8


Dungeon Overview and Level Annotations

Branches:
Dungeon (12/15) Zot: 1501  Temple (0/1) D:7            Lair (5/5) D:9 Zot: 1096
  Swamp (0/4) Lair:2       Spider (2/4) Lair:2 Zot: 855     Orc (2/2) D:9 Zot: 507
  Sewer (visited)          Bailey (visited)         Gauntlet (visited)
  Slime: Lair:4-5       Elf: Orc:2

Altars:
Ashenzari
Cheibriados
Dithmenos
Qazlal
Uskayaw
Vehumet
Xom
The Shining One
Jiyva

Shops:
D:2 *   D:6 ?[?   Orc:1 (   Orc:2 [=

Annotations:
D:2 Sigmund
D:10 1 runed translucent door, ragingrage's ghost, novice FeSu


Innate Abilities, Weirdness & Mutations

You passively map the area around you.
You are easily found by Zot.
You glow in the dark.
You regain HP and MP as you explore.


Message History

The wolf spider dies!
Vehumet accepts your kill.
The iron shot hits the jumping spider!!!
You kill the jumping spider!
Vehumet accepts your kill.
You feel your power returning.
Your toxic aura wanes.
You climb downwards.
Your summoned ally is left behind.
There is a stone staircase leading up here.
The iron shot misses the spark wasp.
You hear a faint skittering sound.
The spark wasp stings you!! The spark wasp shocks you!
The iron shot misses the spark wasp.
The spark wasp stings you. The spark wasp shocks you!
The iron shot misses the spark wasp.
The spark wasp stings you. The spark wasp shocks you!
The spark wasp stings you. The spark wasp shocks you!
* * * LOW HITPOINT WARNING * * *
You feel much better. The spark wasp stings you!
* * * LOW HITPOINT WARNING * * *
The spark wasp shocks you!
* * * LOW HITPOINT WARNING * * *
You feel much better. The spark wasp misses you. The spark wasp stings you!!
* * * LOW HITPOINT WARNING * * *
The spark wasp shocks you!
* * * LOW HITPOINT WARNING * * *
An orb spider comes into view.
You feel much better. The spark wasp stings you!
* * * LOW HITPOINT WARNING * * *
The spark wasp shocks you!
* * * LOW HITPOINT WARNING * * *
You feel much better. The spark wasp closely misses you.
The spark wasp stings you!
* * * LOW HITPOINT WARNING * * *
The spark wasp shocks you!
* * * LOW HITPOINT WARNING * * *
You feel much better. The spark wasp stings you!!
* * * LOW HITPOINT WARNING * * *
The spark wasp shocks you!
You die...

*** ****,**,****** *,,,..†.....##
,,* *,,*,,**,,,,,***^,,,*#.......
^*****,**,,*##*,,^***>,###....)..
,,,,*,^*,,,*#.*^**,*,*,#..^.>....
,,,**,,,,,,,#.####*,*###.......##
,,,*,,**,,,*#....#**,#.†.....###*
,,,,*,**,,,*#....#,,##.....###,,*
<,,**,****,,#....#,##......#,,,^,
,,**,**,,**,#...@###...†...#,*,,,
*,****,,,,*,#^..y..†...#####**,**
^,^*,,,,,,*##............#,,*,,**
****,,,,,.$..............#*,,,,*,
*,**<,,,,............^...#*,,,,*,
*,,*,***,..s............^#,,,,,**
,,,***,*,................#*,,,,*,
>,,,**,*,..............###,,,,,**
,*,,*,,**.............##,,,,,,,*


You could see a spark wasp and an orb spider.

Vanquished Creatures
  Gastronok (D:9)
  An entropy weaver (Spider:2)
  Josephine (Spider:1)
  4 hydras
  A radroach (Spider:2)
  A tengu warrior (D:9)
  A pharaoh ant (Spider:1)
  An orb spider (Lair:2)
  A bog body (Lair:2)
  2 nameless horrors
  3 orc knights
  2 wolf spiders
  Pikel (D:5)
  2 manticores
  An ugly thing (D:9)
  A cyclops (Orc:2)
  4 elephants (Lair:5)
  3 black mambas
  2 torpor snails
  10 cane toads
  A kobold demonologist (D:10)
  3 demonic crawlers
  Maggie (D:7)
  4 komodo dragons
  2 polar bears
  3 trolls
  Grinder (D:6)
  2 tarantellas (Spider:1)
  5 blink frogs
  10 dream sheep
  3 culicivoras (Spider:1)
  3 jumping spiders
  5 wraiths
  32 yaks
  Grum (D:9)
  2 wyverns
  2 steam dragons (D:7)
  4 basilisks
  6 redbacks
  3 wargs (Orc:1)
  2 acid dragons
  5 water moccasins
  An ice beast (D:6)
  3 sky beasts
  14 orc warriors
  2 black bears
  6 ogres
  A centaur (D:7)
  9 wolves
  3 phantoms
  3 kobold brigands
  A gnoll sergeant (D:10)
  3 scorpions
  11 bullfrogs
  A necrophage (D:8)
  13 wights
  7 killer bees
  6 howler monkeys
  3 orc priests
  4 hounds
  12 jellies
  A gnoll bouda (Orc:1)
  Natasha (twice) (D:3)
  9 orc wizards
  4 hell rats (Lair:3)
  10 gnolls
  12 adders
  A river rat (Sewer)
  A white imp (Lair:5)
  An ufetubus (D:5)
  5 worms (Sewer)
  3 dart slugs
  54 orcs
  8 ball pythons
  8 endoplasms
  5 giant cockroaches
  7 hobgoblins
  2 jackals
  5 quokkas
  6 bats
  3 frilled lizards (Sewer)
  15 goblins
  3 hobgoblin zombies (D:5)
  17 kobolds
  An orc zombie (D:5)
  5 rats
434 creatures vanquished.

Vanquished Creatures (collateral kills)
  A hydra (Lair:4)
  A steelbarb worm (Spider:2)
  An orb spider (Spider:1)
  A wolf spider (Spider:1)
  A torpor snail (Spider:1)
  3 demonic crawlers (Spider:1)
  A tarantella (Spider:1)
  2 trolls
  3 blink frogs (Lair:4)
  2 jumping spiders
  5 redbacks
  A warg (Orc:2)
  A water moccasin (Lair:4)
  9 orc warriors
  2 ogres (Orc:2)
  3 wights (D:9)
  A jelly (Lair:4)
  5 orc priests
  3 orc wizards
  2 gnolls (Orc:1)
  13 orcs
61 creatures vanquished.

Vanquished Creatures (others)
  An orc (D:7)
  4 fungi
  9 plants
  2 withered plants (D:10)
16 creatures vanquished.

Grand Total: 511 creatures vanquished

Notes
Turn   | Place    | Note
-------+----------+-------------------------------------------
     0 | D:1      | buhh the Meteoran Earth Elementalist began the quest for
                  | the Orb.
     0 | D:1      | Reached XP level 1. HP: 14/14 MP: 5/5
    34 | D:1      | Reached XP level 2. HP: 15/20 MP: 0/6
   131 | D:1      | Reached XP level 3. HP: 17/26 MP: 3/8
   239 | D:1      | Learned a level 2 spell: Passwall
   243 | D:1      | Learned a level 3 spell: Stone Arrow
   802 | D:2      | Reached skill level 1 in Conjurations
   802 | D:2      | Reached XP level 4. HP: 33/33 MP: 7/9
   965 | D:2      | Noticed Sigmund
  1020 | D:2      | Found Waetop's Assorted Antiques.
  1024 | D:2      | Glimpsed the power of Zot.
  1074 | D:3      | Reached XP level 5. HP: 38/38 MP: 9/11
  1292 | D:3      | Noticed Natasha
  1300 | D:3      | Killed Natasha
  1496 | D:3      | Noticed Natasha
  1502 | D:3      | Killed Natasha
  1602 | D:3      | Glimpsed the power of Zot.
  1633 | D:4      | Reached XP level 6. HP: 31/45 MP: 7/13
  1750 | D:4      | Reached skill level 5 in Earth Magic
  1774 | D:4      | Reached XP level 7. HP: 40/50 MP: 1/14
  1819 | D:5      | Entered Level 5 of the Dungeon
  1854 | D:4      | Found a shimmering altar of Xom.
  1854 | D:4      | Found a hide-covered altar of Uskayaw.
  1854 | D:4      | Found a broken altar of Ashenzari.
  1854 | D:4      | Found a snail-covered altar of Cheibriados.
  1860 | D:4      | Found a radiant altar of Vehumet.
  1860 | D:4      | Found a stormy altar of Qazlal.
  1869 | D:4      | Became a worshipper of Vehumet
  1979 | D:5      | Reached skill level 5 in Conjurations
  1993 | D:5      | Noticed Pikel
  2035 | D:5      | Killed Pikel
  2036 | D:5      | Reached skill level 5 in Spellcasting
  2036 | D:5      | Reached XP level 8. HP: 57/57 MP: 5/17
  2063 | D:5      | Found a glowing golden altar of the Shining One.
  2110 | D:5      | Reached skill level 1 in Fighting
  2255 | D:6      | Noticed Grinder
  2260 | D:6      | Gained mutation: You passively map the area around you.
                  | [Meteoran growth]
  2260 | D:6      | Reached XP level 9. HP: 68/68 MP: 11/19
  2261 | D:6      | Paralysed by Grinder for 3 turns
  2267 | D:6      | Killed Grinder
  2275 | D:6      | Found Peak Dee's Antique Armour Boutique.
  2312 | D:6      | Bought a silken robe for 148 gold pieces
  2312 | D:6      | Identified the +1 robe of Boredom {rPois Dex-2 SInv} (You
                  | bought it in a shop on level 6 of the Dungeon)
  2354 | D:6      | Reached * piety under Vehumet
  2354 | D:6      | Offered knowledge of Foxfire by Vehumet.
  2450 | D:6      | Found Lesik's Magic Scroll Emporium.
  2457 | D:6      | Bought a scroll of fear for 60 gold pieces
  2457 | D:6      | Bought a scroll of blinking for 112 gold pieces
  2498 | D:5      | Reached skill level 5 in Fighting
  2519 | D:6      | Found Pohutem's Magic Scroll Boutique.
  2535 | D:6      | Bought a scroll of identify for 24 gold pieces
  2568 | D:6      | Found a glowing drain.
  2573 | Sewer    | Entered a sewer
  2766 | Sewer    | Reached XP level 10. HP: 81/81 MP: 20/23
  2838 | Sewer    | Reached ** piety under Vehumet
  2838 | Sewer    | Offered knowledge of Searing Ray by Vehumet.
  2941 | Sewer    | Glimpsed the power of Zot.
  3303 | D:7      | Noticed Maggie
  3309 | D:7      | Killed Maggie
  3470 | D:7      | Offered knowledge of Poisonous Vapours by Vehumet.
  3583 | D:7      | Found a staircase to the Ecumenical Temple.
  3626 | D:7      | Reached skill level 10 in Earth Magic
  4259 | D:8      | Reached skill level 10 in Spellcasting
  4309 | D:8      | Reached *** piety under Vehumet
  4359 | D:9      | Reached XP level 11. HP: 74/92 MP: 20/26
  4364 | D:9      | Noticed a white ugly thing
  4365 | D:9      | Found a flagged portal.
  4391 | D:9      | Killed a white ugly thing
  4412 | Bailey   | Entered a bailey
  4435 | Bailey   | Offered knowledge of Inner Flame by Vehumet.
  4449 | Bailey   | Learned a level 3 spell: Inner Flame
  4662 | D:9      | Found a shadowy altar of Dithmenos.
  4681 | D:9      | Noticed a tengu warrior
  4681 | D:9      | Noticed a manticore
  4685 | D:9      | Killed a manticore
  4705 | D:9      | Killed a tengu warrior
  4868 | D:9      | Noticed Grum
  4875 | D:9      | Reached **** piety under Vehumet
  4879 | D:9      | Killed Grum
  4918 | D:10     | Entered Level 10 of the Dungeon
  4966 | D:9      | Found a staircase to the Lair.
  4975 | Lair:1   | Entered Level 1 of the Lair of Beasts
  4991 | Lair:1   | Offered knowledge of Freezing Cloud by Vehumet.
  5083 | Lair:1   | Reached XP level 12. HP: 29/104 MP: 5/28
  5108 | Lair:2   | Reached skill level 5 in Dodging
  5391 | D:9      | Noticed Gastronok
  5703 | D:10     | Found a runed translucent door.
  5704 | D:10     | Noticed ragingrage's ghost (novice FeSu)
  6325 | D:11     | Noticed a skeletal warrior
  6325 | D:11     | Noticed a skeletal warrior
  6325 | D:11     | Noticed a skeletal warrior
  6325 | D:11     | Noticed a skeletal warrior
  6326 | D:11     | Noticed a skeletal warrior
  6388 | D:9      | Killed Gastronok
  6462 | Lair:1   | Found a stormy altar of Qazlal.
  6469 | Lair:1   | Reached skill level 10 in Dodging
  6639 | Lair:2   | Reached ***** piety under Vehumet
  6643 | Lair:2   | Noticed a bog body
  6680 | Lair:2   | Killed a bog body
  6680 | Lair:2   | Offered knowledge of Spellforged Servitor by Vehumet.
  6689 | Lair:2   | Learned a level 7 spell: Spellforged Servitor
  6700 | Lair:2   | Reached skill level 1 in Summonings
  6755 | Lair:2   | Found a hole to the Spider Nest.
  6755 | Lair:2   | Noticed an orb spider
  6810 | Lair:3   | Reached skill level 2 in Summonings
  6810 | Lair:3   | Reached XP level 13. HP: 111/111 MP: 24/30
  6868 | Lair:4   | Noticed a five-headed hydra
  6913 | Lair:3   | Reached skill level 3 in Summonings
  6940 | Lair:3   | Reached skill level 4 in Summonings
  7028 | Lair:3   | Reached skill level 5 in Summonings
  7067 | Lair:3   | Reached skill level 6 in Summonings
  7119 | Lair:3   | Reached skill level 7 in Summonings
  7129 | Lair:3   | Noticed a five-headed hydra
  7145 | Lair:3   | Killed a five-headed hydra
  7170 | Lair:3   | Reached skill level 8 in Summonings
  7255 | Lair:4   | Reached skill level 9 in Summonings
  7299 | Lair:4   | Reached skill level 10 in Summonings
  7316 | Lair:4   | Found a gate leading to a gauntlet.
  7332 | Lair:4   | Found a viscous altar of Jiyva.
  7334 | Gauntlet | Entered a Gauntlet
  7334 | Gauntlet | Found a transporter.
  7334 | Gauntlet | Found a transporter.
  7334 | Gauntlet | Found a transporter.
  7335 | Gauntlet | Found a transporter.
  7338 | Gauntlet | Found a transporter.
  7348 | Gauntlet | Found a transporter.
  7353 | Gauntlet | Found a transporter.
  7397 | Lair:4   | Noticed a four-headed hydra
  7434 | Lair:5   | Entered Level 5 of the Lair of Beasts
  7442 | Lair:5   | Reached skill level 11 in Summonings
  7535 | Lair:5   | Noticed a seven-headed hydra
  7545 | Lair:5   | Killed a seven-headed hydra
  7551 | Lair:5   | Reached skill level 12 in Summonings
  7594 | Lair:5   | Reached XP level 14. HP: 104/118 MP: 20/31
  7673 | Lair:4   | Offered knowledge of Lee's Rapid Deconstruction by Vehumet.
  7923 | D:9      | Reached skill level 13 in Summonings
  7931 | D:9      | Found a staircase to the Orcish Mines.
  7938 | Orc:1    | Entered Level 1 of the Orcish Mines
  8089 | Orc:2    | Entered Level 2 of the Orcish Mines
  8263 | Orc:2    | Offered knowledge of Iron Shot by Vehumet.
  8281 | Orc:2    | Learned a level 6 spell: Iron Shot
  8318 | Orc:2    | Found Ruraacel's Jewellery Shoppe.
  8379 | Orc:2    | Found Somabrusan's Antique Armour Emporium.
  8471 | Orc:1    | Found Xaxzanuv's Antique Weapon Emporium.
  8537 | Orc:2    | Reached skill level 10 in Conjurations
  8564 | Orc:2    | Bought the ring "Vennypp" {MP+9 Str+6 Int+3} for 688 gold
                  | pieces
  8777 | Lair:2   | Found a staircase to the Swamp.
  8813 | Lair:2   | Reached skill level 14 in Summonings
  8835 | Spider:1 | Entered Level 1 of the Spider Nest
  8902 | Spider:1 | Noticed Josephine
  8945 | Spider:1 | Killed Josephine
  9027 | Spider:2 | Reached XP level 15. HP: 112/124 MP: 12/32
  9037 | Spider:2 | Learned a level 4 spell: Olgreb's Toxic Radiance
  9112 | Spider:2 | Reached skill level 1 in Poison Magic
  9175 | Spider:2 | HP: 4/124 [spark wasp (28)]
  9175 | Spider:2 | Mangled by a spark wasp

Illustrated notes

Levels and vault maps discovered:
D:1:      saegor_arrival_simple_a, layout_basic, chequers_serial_rivers_large_a
D:2:      layout_basic, serial_shops, nicolae_shop_waterfront, uniq_robin,
          uniq_sigmund
D:3:      layout_basic, uniq_natasha
D:4:      layout_rooms, minmay_overflow_temple_hex
D:5:      layout_rooms, overflow_temple_1_default, nicolae_tso_carved_into_rock,
          minmay_mini_ossuary, uniq_pikel, uniq_crazy_yiuf_cottage,
          uniq_duvessa, uniq_blork_the_orc
D:6:      cheibrodos_two_vegetables, layout_rooms, serial_shops,
          nicolae_shop_hallway_stairs, shop_coins, nicolae_stop_n_shop_1,
          portal_sewer_entry_e, uniq_grinder
D:7:      layout_basic, minmay_temple_entry_enclosed_plants, uniq_maggie
D:8:      layout_loops_ring, kennysheep_minor_cross
D:9:      layout_roguey, pdpol_wu_jian_five_deadly_venoms,
          nicolae_dithmenos_the_darkroom, lair_entry_dummy, enter_bailey_8,
          minmay_checkerbox, uniq_gastronok, uniq_grum
D:10:     layout_roguey, gammafunk_ghost_grave, roderic_lattice_a,
          nicolae_sextant
D:11:     minmay_the_grid_square_5x5_5x5_mashed
          [minmay_the_grid_square_5x5_spiral,
          minmay_the_grid_square_5x5_checkered_statues,
          minmay_the_grid_square_5x5_corner,
          minmay_the_grid_square_5x5_gyroscope, minmay_the_grid_square_5x5_comb,
          minmay_the_grid_square_5x5_n_small,
          minmay_the_grid_square_5x5_prize_deathbox,
          minmay_the_grid_square_5x5_bite,
          minmay_the_grid_square_5x5_prize_pseudospiral,
          minmay_the_grid_square_5x5_intrusive_squares,
          minmay_the_grid_square_5x5_inner_v,
          minmay_the_grid_square_5x5_six_small,
          minmay_the_grid_square_5x5_prize_rear_guard,
          minmay_the_grid_square_5x5_sharp_hourglass,
          minmay_the_grid_square_5x5_tri_point,
          minmay_the_grid_square_5x5_hourglass,
          minmay_the_grid_square_5x5_prize_gold,
          minmay_the_grid_square_5x5_forky,
          minmay_the_grid_square_5x5_prize_snowflake,
          minmay_the_grid_square_5x5_moneybag, minmay_the_grid_square_5x5_lines,
          minmay_the_grid_square_5x5_shuriken,
          minmay_the_grid_square_5x5_doubleslash,
          minmay_the_grid_square_5x5_tie, minmay_the_grid_square_5x5_n],
          layout_basic
D:12:     layout_basic, uniq_sonja
Lair:1:   layout_long_grid, basic_altar, grunt_megastairs_1
Lair:2:   layout_chaotic_city, skrybe_swamp_entry_bodies,
          nicolae_spider_entry_orb_guardian, grunt_megastairs_4,
          lemuel_fruit_tree
Lair:3:   layout_gridlike, eino_house_with_fridge
Lair:4:   layout_hall_layers, minmay_slime_entry_jelly_boxes,
          gauntlet_entry_generic, grunt_megastairs_5
Lair:5:   hellmonk_lair_end_abyssal_woods, layout_gridlike,
          bobbens_ice_dragon_lair
Spider:1: layout_chambers, uniq_josephine
Spider:2: layout_spider_delve
Orc:1:    layout_diamond_mine, serial_shops, nicolae_shop_statue_plus, uniq_urug
Orc:2:    pubby_orc_utopia, serial_shops

Skill      XL: |  1  2  3  4  5  6  7  8  9 10 11 12 13 14 15 |
---------------+----------------------------------------------+-----
Spellcasting   | 3 4 5 6 8 10 11 12 | 12.0
Transmutations | 2 |  2.0
Earth Magic    | 4 5 6 7 8 10 12 | 12.2
Conjurations   | 1 2 3 4 6 7 12 13 | 13.2
Fighting       | 2 5 7 9 |  9.1
Dodging        | 4 11 | 11.7
Summonings     | 2 12 14 | 14.0
Poison Magic   | 3 |  3.6
Stealth        | |  1.7

Action                   |  1- 3 |  4- 6 |  7- 9 | 10-12 | 13-15 || total
-------------------------+-------+-------+-------+-------+-------++-------
Melee: Unarmed           |       |     4 |     3 |     3 |       ||    10
 Cast: Sandblast         |    39 |    45 |       |       |       ||    84
       Stone Arrow       |       |    19 |   110 |   306 |   277 ||   712
       Inner Flame       |       |       |       |    14 |     4 ||    18
       Iron Shot         |       |       |       |       |    85 ||    85
       Spellforged Servi |       |       |       |       |    20 ||    20
       Olgreb's Toxic Ra |       |       |       |       |     3 ||     3
Evoke: Wand              |       |       |       |     6 |     6 ||    12
  Use: Potion            |       |     1 |       |       |     7 ||     8
       Scroll            |       |       |     7 |    10 |    18 ||    35
Armor: Robe              |    12 |    29 |    12 |    22 |    21 ||    96
Dodge: Dodged            |    17 |    33 |    21 |    77 |   111 ||   259

Table legend: (Time is in decaauts)
 A = Elapsed time spent in this place.
 B = Non-inter-level travel time spent in this place.
 C = Inter-level travel time spent in this place.
 D = Time resting spent in this place.
 E = Time spent auto-exploring this place.
 F = Levels seen in this place.
 G = Mean time per level.
                   A        B        C        D        E       F      G
               +--------+--------+--------+--------+--------+-----+--------+
         Total |   9445 |   8720 |    725 |      0 |   2584 |  24 |  393.5 |
       Dungeon |   5698 |   5297 |    401 |      0 |   2493 |  12 |  474.8 |
          Lair |   1903 |   1613 |    290 |      0 |     91 |   5 |  380.6 |
   Spider Nest |    343 |    343 |      0 |      0 |      0 |   2 |  171.5 |
  Orcish Mines |    692 |    659 |     33 |      0 |      0 |   2 |  346.0 |
         Sewer |    533 |    533 |      0 |      0 |      0 |   1 |  533.0 |
        Bailey |    229 |    229 |      0 |      0 |      0 |   1 |  229.0 |
      Gauntlet |     43 |     43 |      0 |      0 |      0 |   1 |   43.0 |
               +--------+--------+--------+--------+--------+-----+--------+

Top non-repeatable levels by time:
     D:7: 896 daAuts
    D:10: 806 daAuts
     D:1: 724 daAuts
     D:9: 715 daAuts
     D:3: 583 daAuts
     D:6: 582 daAuts
   Sewer: 533 daAuts
  Lair:2: 507 daAuts
   Orc:2: 455 daAuts
  Lair:1: 453 daAuts
  Lair:3: 433 daAuts
     D:2: 412 daAuts
     D:4: 410 daAuts
  Lair:4: 299 daAuts
     D:8: 243 daAuts
